 Dungeon Crawl Stone Soup version 0.20.1-1-g8b1a95d (webtiles) character file.

81 jmlagarto the Poker (level 4, -1/37 HPs)
             Began as a Merfolk Fighter on Sept 18, 2017.
             Slain by Sigmund
             ... wielding a +0 scythe
              (7 damage)
             ... on level 2 of the Dungeon.
             The game lasted 00:03:48 (1425 turns).

jmlagarto the Poker (Merfolk Fighter)               Turns: 1425, Time: 00:03:49

Health: -1/37      AC:  6    Str: 17    XL:     4   Next: 42%
Magic:  4/4        EV:  7    Int:  7    God:
Gold:   73         SH:  9    Dex: 13    Spells: 3/3 levels left

rFire    . . .     SeeInvis .   a - +0 trident
rCold    . . .     Gourm    .   c - +0 shield
rNeg     . . .     Faith    .   b - +0 scale mail
rPois    .         Spirit   .   (no helmet)
rElec    .         Reflect  .   (no cloak)
rCorr    .         Harm     .   (no gloves)
MR       .....                  (no boots)
Stlth    ..........             (no amulet)
Regen    0.6/turn               (no ring)
MPRegen  0.1/turn               (no ring)

@: no status effects
A: change form in water, swift swim, stealthy swim, regeneration 1, wild magic 1
a: no special abilities


You were on level 2 of the Dungeon.
You were not hungry.

You visited 1 branch of the dungeon, and saw 2 of its levels.

You collected 73 gold pieces.

Inventory:

Hand Weapons
 a - a +0 trident (weapon)
Armour
 b - a +0 scale mail (worn)
 c - a +0 shield (worn)
Wands
 o - a wand of paralysis (10/24)
Scrolls
 g - a scroll of immolation {unknown}
 h - 4 scrolls of identify {unknown}
 j - a scroll of teleportation {unknown}
 n - a scroll of amnesia {unknown}
Potions
 d - a potion of might
 k - a potion of invisibility {unknown}
 l - a potion of lignification {unknown}
 p - 2 potions of curing {unknown}
 q - a potion of magic {unknown}
Comestibles
 f - a bread ration
 i - a meat ration
 m - 2 royal jellies


   Skills:
 + Level 3.9 Fighting
 + Level 4.4 Polearms
 + Level 2.5 Armour
 + Level 1.1 Dodging
 + Level 3.5 Shields


You had 3 spell levels left.
You didn't know any spells.

Dungeon Overview and Level Annotations

Branches:
Dungeon (2/15)

Altars:

Annotations:
D:2 Sigmund


Innate Abilities, Weirdness & Mutations

You revert to your normal form in water.
You are very nimble and swift while swimming.
You are very stealthy in the water. (Stealth+)
Your natural rate of healing is unusually fast.
Your spells are a little harder to cast, but a little more powerful.


Message History

You hit something. Something hits you.
You miss something.
Your shield and scale mail prevent you from hitting something.
You hear some strange, mumbled words.
You are confused.
You're too confused to move!
Something hits you.
You hear some strange, mumbled words.
Something tries to affect you, but you resist.
Something hits you.
* * * LOW HITPOINT WARNING * * *
Things that are here:
a club x2; a hobgoblin corpse It was a potion of mutation.
You feel extremely strange.
You begin to heal more quickly.
You feel less in control of your magic.
You bump into the rock wall.
Something hits you.
* * * LOW HITPOINT WARNING * * *
You bump into the rock wall.
You feel less confused. Something hits you!
You die...

#......# #......
####...... ##.........
#.........# +.........
##.#.#####.....#########
#.>...{@.'....).........
#....#####........######
#.. #........# #
#####....# #....# ######


There were no monsters in sight!

Vanquished Creatures
  Natasha (D:2)
  An adder (D:2)
  A worm (D:2)
  A leopard gecko (D:1)
  5 bats (D:1)
  9 goblins
  6 hobgoblins
  5 jackals (D:2)
  3 kobolds (D:1)
  A ball python (D:1)
  4 frilled lizards
  3 rats
40 creatures vanquished.

Notes
Turn   | Place    | Note
-------+----------+-------------------------------------------
     0 | D:1      | jmlagarto the Merfolk Fighter began the quest for the Orb.
     0 | D:1      | Reached XP level 1. HP: 18/18 MP: 1/1
   153 | D:1      | Reached XP level 2. HP: 24/24 MP: 2/2
   469 | D:1      | Reached XP level 3. HP: 25/30 MP: 3/3
   987 | D:2      | Reached skill level 1 in Dodging
  1397 | D:2      | Noticed Sigmund
  1398 | D:2      | Noticed Natasha
  1408 | D:2      | Killed Natasha
  1408 | D:2      | Reached skill level 4 in Polearms
  1408 | D:2      | Reached XP level 4. HP: 28/37 MP: 4/4
  1423 | D:2      | Gained mutation: Your natural rate of healing is unusually fast. [potion of mutation]
  1423 | D:2      | Gained mutation: Your spells are a little harder to cast, but a little more powerful. [potion of mutation]
  1425 | D:2      | Slain by Sigmund

Skill      XL: |  1  2  3 |
---------------+----------+-----
Dodging        | 1 |  1.1
Polearms       | 4 |  4.4
Fighting       | |  3.9
Armour         | |  2.5
Shields        | |  3.5

Action                   |  1- 3 |  4- 6 || total
-------------------------+-------+-------++-------
Melee: Trident           |   147 |     9 ||   156
  Use: Potion            |     1 |     1 ||     2
  Eat: Chunk             |     2 |       ||     2
Armor: Scale mail        |    45 |     2 ||    47
Dodge: Dodged            |    27 |       ||    27
Block: Shield            |    63 |     2 ||    65
